 Dungeon Crawl Stone Soup version 0.32-a0-975-g85d4e5bfdb (webtiles) character file.

Game seed: 659815168321989681

81 ezpacito the Trooper (level 4, -4/35 HPs)
             Began as a Coglin Chaos Knight on Apr 19, 2024.
             Was a Plaything of Xom.
             Slain by a cerulean imp
             ... wielding a +2 spear
             ... summoned by Natasha
              (6 damage)
             ... on level 3 of the Dungeon.
             The game lasted 00:01:53 (1073 turns).

ezpacito the Trooper (Coglin Chaos Knight)          Turns: 1073, Time: 00:01:54

Health: -4/35      AC:  6    Str: 14    XL:     4   Next: 40%
Magic:  4/4        EV: 10    Int: 11    God:    Xom [....*.]
Gold:   112        SH:  0    Dex: 14    Spells: 3/3 levels left

rFire   . . .        a - +0 hand axe (chaos) {Daichi}
rCold   . . .        o - +1 mace (heavy) {Zhen}
rNeg    . . .        b - +2 leather armour
rPois   .            (no helmet)
rElec   .            (no cloak)
rCorr   .            (no gloves)
SInv    .            i - +0 pair of boots
Will    .....        (amulet unavailable)
Stlth   +            (ring unavailable)
HPRegen 0.25/turn    (ring unavailable)
MPRegen 0.09/turn    (no gizmo)

%: no passive effects
@: mighty, slowed, revved, very slow
A: off-hand wielding, slow wielding, warmup strikes, no jewellery
a: Invent Gizmo, Renounce Religion


You were on level 3 of the Dungeon.
You worshipped Xom.
You were a beloved toy of Xom.
You visited 1 branch of the dungeon, and saw 3 of its levels.

You collected 112 gold pieces.

Inventory:

Hand Weapons
 a - a +0 hand axe of chaos (weapon) {Daichi}
 o - a +1 heavy mace (offhand) {Zhen}
Missiles
 n - 3 poisoned darts (quivered)
Armour
 b - a +2 leather armour (worn)
 i - a +0 pair of boots (worn)
Scrolls
 c - a scroll of butterflies
 d - a scroll of fog {unknown}
 e - a scroll of poison {unknown}
 f - a scroll of fear {unknown}
 g - 2 scrolls of identify {unknown}
 h - a scroll of blinking {unknown}
 j - a scroll of vulnerability {unknown}
 l - a scroll of brand weapon {unknown}
Potions
 k - a potion of curing {unknown}


   Skills:
 * Level 3.4 Fighting
 * Level 3.4(3.5) Axes
 * Level 0.9(2.1) Polearms
 + Level 0.0 Throwing
 * Level 2.2 Armour
 * Level 1.7 Dodging
 + Level 0.9 Stealth
 + Level 0.2 Spellcasting


You had 3 spell levels left.
You didn't know any spells.
Your spell library contained the following spells:

 Spells                   Type           Power      Damage    Failure   Level
 Lesser Beckoning         Tloc           0%         N/A       54%         2
 Maxwell's Portable Pile  Tloc           0%         2d(5-13)  78%         3
 Teleport Other           Tloc           0%         N/A       78%         3


Dungeon Overview and Level Annotations

Branches:
Dungeon (3/15)

Altars:

Annotations:
D:3 Natasha


Innate Abilities, Weirdness & Mutations

You can wield a second weapon in your off-hand.
It takes a long time for you to wield or remove held weapons.
Your first few attacks do less damage.
You cannot equip rings or amulets.


Message History

The cerulean imp closely misses you.
The cerulean imp hits you with a +2 spear.
You take 2 damage, and have 16/35 hp.
You hit the cerulean imp with your +0 hand axe of chaos.
You kill the cerulean imp!
The cerulean imp disappears in a puff of smoke!
Natasha claws you!
* * * LOW HITPOINT WARNING * * *
You emit a cloud of colourful smoke!
You take 7 damage, and have 9/35 hp.
You hit Natasha with your +0 hand axe of chaos.
Natasha is poisoned.
Natasha is moderately wounded.
You closely miss Natasha with your +1 heavy mace.
The cerulean imp hits you from afar with a +2 spear.
* * * LOW HITPOINT WARNING * * *
You emit a cloud of colourful smoke!
Natasha stares at you and mumbles some strange words.
The magic dart hits you.
* * * LOW HITPOINT WARNING * * *
The cerulean imp hits you but does no damage.
You take 6 damage, and have 3/35 hp.
You closely miss Natasha with your +1 heavy mace.
Natasha is moderately wounded.
You barely miss Natasha with your +0 hand axe of chaos.
Xom's attention almost turns to you for a moment.
Nothing appears to happen...
Ominous!
You are now a beloved toy of Xom.
Natasha closely misses you.
The cerulean imp hits you but does no damage.
Natasha stares at you and mumbles some strange words.
You feel yourself slow down.
It was a potion of might.
You feel very mighty all of a sudden.
Xom roars with laughter!
The cerulean imp closely misses you. Natasha claws you.
* * * LOW HITPOINT WARNING * * *
The cerulean imp hits you from afar with a +2 spear.
You die...
Xom howls with laughter!

#.....#.#.# #.###)###.#.#
#.# #....)<...#.# #.#
......##..#.# ...
########..#.# #.# #..#.#
#.# #..#†# #5# #..#.# #h#
########..#.# #@######..
............####§§§......
.#######.......##§§......
####.......##.....
####.#### .##. #.# # #.#
#.# #.#


You could see Natasha (very poisoned) and a cerulean imp (summoned).

Vanquished Creatures
  2 adders
  A dart slug (D:1)
  3 orcs (D:3)
  4 endoplasms
  3 giant cockroaches
  8 hobgoblins
  4 jackals (D:1)
  A quokka (D:1)
  5 ball pythons
  4 bats
  5 frilled lizards
  5 goblins
  2 kobolds (D:1)
  4 rats
51 creatures vanquished.

Vanquished Creatures (collateral kills)
  A dart slug (D:2)
  A goblin (D:2)
2 creatures vanquished.

Grand Total: 53 creatures vanquished

Notes
Turn   | Place    | Note
-------+----------+-------------------------------------------
     0 | D:1      | ezpacito the Coglin Chaos Knight began the quest for the
                  | Orb.
     0 | D:1      | Reached XP level 1. HP: 18/18 MP: 1/1
    20 | D:1      | Reached skill level 1 in Dodging
    69 | D:1      | Reached XP level 2. HP: 22/24 MP: 2/2
    72 | D:1      | XOM: silly message
   205 | D:1      | Reached XP level 3. HP: 29/29 MP: 3/3
   380 | D:1      | XOM: silly message
   671 | D:2      | XOM is BORED!
   671 | D:2      | XOM: 6-stop teleportation journey
   723 | D:2      | Reached XP level 4. HP: 35/35 MP: 4/4
  1062 | D:3      | Noticed Natasha
  1070 | D:3      | XOM: smoke on damage
  1071 | D:3      | XOM: smoke on damage
  1072 | D:3      | XOM: silly message
  1073 | D:3      | Slain by a cerulean imp

Illustrated notes

Levels and vault maps discovered:
D:1:      orjb1_lava_funnel, layout_loops_ring
D:2:      layout_rooms
D:3:      layout_loops_ring, serial_shops, shop, uniq_natasha

Skill      XL: |  1 |
---------------+----+-----
Dodging        | 1 |  1.7
Armour         | 2 |  2.2
Fighting       | |  3.4
Axes           | |  3.4
Polearms       | |  0.9
Stealth        | |  0.9
Spellcasting   | |  0.2

Action                     |  1- 3 |  4- 6 || total
---------------------------+-------+-------++-------
  Melee: Hand axe          |    85 |    23 ||   108
         Dagger            |    81 |    13 ||    94
         Mace              |       |     9 ||     9
    Use: Potion            |     1 |     1 ||     2
   Stab: Sleeping          |     1 |     1 ||     2
 Armour: Leather armour    |    56 |    23 ||    79
  Dodge: Dodged            |    55 |    14 ||    69

Table legend: (Time is in decaauts)
 A = Elapsed time spent in this place.
 B = Non-inter-level travel time spent in this place.
 C = Inter-level travel time spent in this place.
 D = Time resting spent in this place.
 E = Time spent auto-exploring this place.
 F = Levels seen in this place.
 G = Mean time per level.
                   A        B        C        D        E       F      G
               +--------+--------+--------+--------+--------+-----+--------+
         Total |   1085 |   1053 |     32 |      0 |    744 |   3 |  361.7 |
       Dungeon |   1085 |   1053 |     32 |      0 |    744 |   3 |  361.7 |
               +--------+--------+--------+--------+--------+-----+--------+

Top non-repeatable levels by time:
     D:1: 618 daAuts
     D:2: 384 daAuts
     D:3: 82 daAuts
